 Dungeon Crawl Stone Soup version 0.31-a0-185-g9dded2c639 (webtiles) character file.

Game seed: 12030977801346979973

464 qw the Skirmisher (level 6, 0/35 HPs)
             Began as a Deep Elf Hunter on June 22, 2023.
             Succumbed to a hornet's poison
             ... on level 5 of the Dungeon.
             The game lasted 00:01:05 (3031 turns).

qw the Skirmisher (Deep Elf Hunter)                 Turns: 3031, Time: 00:01:05

Health: 0/35       AC:  6    Str: 10    XL:     6   Next: 80%
Magic:  8/8        EV: 11    Int: 14    God:
Gold:   127        SH:  0    Dex: 18    Spells: 5/5 levels left

rFire   . . .        Y - +0 shortbow (drain)
rCold   . . .        (shield currently unavailable)
rNeg    . . .        e - +0 ring mail
rPois   .            (no helmet)
rElec   .            m - +0 cloak
rCorr   +            (no gloves)
SInv    .            (no boots)
Will    .....        k - amulet of regeneration
Stlth   +            j - ring of resist corrosion
HPRegen 1.05/turn    (no ring)
MPRegen 0.11/turn

%: no passive effects
@: lethally poisoned (0 -> -1), about to teleport, slowed, very slow
A: no striking features
a: no special abilities


You were on level 5 of the Dungeon.
You visited 1 branch of the dungeon, and saw 5 of its levels.

You collected 190 gold pieces.
You spent 63 gold pieces at shops.


   Skills:
 - Level 2.1 Fighting
 - Level 10.5 Ranged Weapons
 + Level 2.4 Dodging
 - Level 1.2 Stealth


You had 5 spell levels left.
You didn't know any spells.
Your spell library was empty.

Inventory:

Hand Weapons
 Y - a +0 shortbow of draining (weapon)
Armour
 e - a +0 ring mail (worn)
 m - a +0 cloak (worn)
Jewellery
 j - a ring of resist corrosion (left hand)
 k - an amulet of regeneration (around neck)
Scrolls
 a - a scroll of identify
Potions
 b - a potion of curing
 d - a potion of cancellation
 g - a potion of heal wounds
 h - a potion of invisibility {unknown}
 i - a potion of mutation {unknown}
 o - a potion of might {unknown}

Dungeon Overview and Level Annotations

Branches:
Dungeon (5/15)
 Temple: D:4-7

Altars:

Shops:
D:2 *


Message History

Your Ranged Weapons skill increases to level 10!
You start resting.
HP restored.
You now have 127 gold pieces (gained 7).
A hornet comes into view.
The hornet buzzes angrily.
You shoot an arrow. The arrow hits the hornet.
You drain the hornet.
The hornet is lightly wounded.
You shoot an arrow. The arrow barely misses the hornet.
You shoot an arrow. The arrow closely misses the hornet.
You shoot an arrow. The arrow closely misses the hornet.
The hornet stings you.
You suddenly lose the ability to move!
The hornet stings you.
You shrug off the repeated paralysis!
The hornet stings you.
You are poisoned.
You feel yourself slow down.
You can move again.
You shoot an arrow. The arrow closely misses the hornet.
You feel yourself speed up.
You feel very sick. The hornet stings you.
You are more poisoned.
You feel yourself slow down.
The hornet stings you but does no damage.
You shoot an arrow. The arrow closely misses the hornet.
You feel yourself speed up.
You feel very sick.
The hornet stings you but does no damage. x3
You shoot an arrow. The arrow completely misses the hornet.
You feel very sick.
The hornet stings you but does no damage.
You shoot an arrow. The arrow hits the hornet.
The hornet is lightly wounded.
You feel very sick. The hornet stings you!
You feel yourself slow down. The hornet stings you.
You feel as though you will be slow longer.
3031 ||| READING scroll of teleportation.
As you read the scroll of teleportation, it crumbles to dust.
You feel strangely unstable.
You die...

#................
#................
#..........##....
#............)...
#.....#.......... .
#.......###...... ...
#................
.....###.#.##.......#)..
#.....y@.#.#............
###...........####..#.#.
###.....###..# ##.#.#.
####.## #. ..# ..# ..#
#..#


You could see a hornet (drained).

Vanquished Creatures
  Grinder (D:5)
  A scorpion (D:4)
  2 orc priests
  6 adders
  A worm (D:2)
  3 dart slugs (D:1)
  9 orcs
  8 endoplasms
  3 giant cockroaches
  7 goblins
  6 hobgoblins
  4 jackals (D:3)
  9 kobolds
  4 quokkas
  6 ball pythons
  4 bats
  A frilled lizard (D:2)
  6 rats
81 creatures vanquished.

Notes
Turn   | Place    | Note
-------+----------+-------------------------------------------
     0 | D:1      | qw the Deep Elf Hunter began the quest for the Orb.
     0 | D:1      | Reached XP level 1. HP: 12/12 MP: 3/3
     0 | D:1      | 0 ||| qw: Version: 0.3-a-9-g12657ce
     0 | D:1      | 0 ||| qw: Game counter: 1802
     0 | D:1      | 0 ||| qw: Always use a shield: true
     0 | D:1      | 0 ||| qw: God list: Okawaru
     0 | D:1      | 0 ||| qw: Allow faded altars: false
     0 | D:1      | 0 ||| qw: Do Orc after D:15 true
     0 | D:1      | 0 ||| qw: Do second Lair branch before Depths: true
     0 | D:1      | 0 ||| qw: Lair rune preference: random
     0 | D:1      | 0 ||| qw: Plans: Normal
     0 | D:1      | 0 ||| PLANNING D:1-11
   119 | D:1      | Reached XP level 2. HP: 13/16 MP: 4/4
   200 | D:1      | Reached skill level 6 in Ranged Weapons
   402 | D:1      | Reached XP level 3. HP: 13/20 MP: 5/5
   714 | D:1      | 714 ||| UPGRADING to +0 ring mail.
   719 | D:1      | 719 ||| UPGRADING to +0 ring mail.
   729 | D:1      | 729 ||| DROPPING +0 leather armour.
   730 | D:1      | 730 ||| READING scroll labelled BOMMOE FUEL.
   731 | D:1      | 731 ||| DROPPING scroll of butterflies.
  1096 | D:2      | Found Mugi Hagaoch's General Store.
  1110 | D:2      | 1110 ||| BUYING +0 cloak (63 gold).
  1110 | D:2      | Bought a +0 cloak for 63 gold pieces
  1110 | D:2      | 1110 ||| SHOPLISTING +1 scale mail of fire resistance (224
                  | gold, have 21).
  1110 | D:2      | 1110 ||| SHOPLISTING potion of heal wounds (70 gold, have
                  | 21).
  1110 | D:2      | 1110 ||| SHOPLISTING scroll of identify (28 gold, have 21).
  1287 | D:2      | Found a faded altar of an unknown god.
  1350 | D:2      | Reached skill level 7 in Ranged Weapons
  1810 | D:2      | 1810 ||| UPGRADING to +0 cloak.
  1815 | D:2      | 1815 ||| UPGRADING to amulet of regeneration.
  1820 | D:2      | 1820 ||| UPGRADING to ring of resist corrosion.
  1821 | D:2      | 1821 ||| READING 2 scrolls labelled LOELON ONGUH.
  1822 | D:2      | 1822 ||| READING scroll labelled WIWITS JAWE.
  1823 | D:2      | 1823 ||| READING scroll labelled XETONN AFIZ.
  1852 | D:3      | Reached XP level 4. HP: 25/25 MP: 6/6
  1899 | D:3      | Reached skill level 8 in Ranged Weapons
  2184 | D:3      | Reached XP level 5. HP: 29/29 MP: 7/7
  2394 | D:3      | 2394 ||| READING scroll labelled JAOXIEPLUUNIEF.
  2407 | D:3      | 2407 ||| READING scroll labelled NICLASTU ROOPHAU.
  2408 | D:3      | 2408 ||| DRINKING 2 bubbling dark potions.
  2409 | D:3      | 2409 ||| READING 2 scrolls of identify.
  2409 | D:3      | 2409 ||| IDENTIFYING metallic golden potion
  2410 | D:3      | 2410 ||| DROPPING potion of attraction.
  2659 | D:4      | Reached skill level 9 in Ranged Weapons
  2824 | D:4      | Reached XP level 6. HP: 29/35 MP: 8/8
  2933 | D:4      | 2933 ||| READING scroll labelled IGUNKE MULAEWE.
  2934 | D:4      | 2934 ||| READING 4 scrolls of identify.
  2934 | D:4      | 2934 ||| IDENTIFYING viscous purple potion
  2935 | D:4      | 2935 ||| READING 3 scrolls of identify.
  2935 | D:4      | 2935 ||| IDENTIFYING red potion
  2936 | D:4      | 2936 ||| READING 2 scrolls of identify.
  2936 | D:4      | 2936 ||| IDENTIFYING bubbling red potion
  2937 | D:4      | 2937 ||| DROPPING potion of lignification.
  2970 | D:5      | Entered Level 5 of the Dungeon
  2977 | D:5      | Noticed Grinder
  3000 | D:5      | Killed Grinder
  3001 | D:5      | Reached skill level 10 in Ranged Weapons
  3021 | D:5      | Noticed a hornet
  3025 | D:5      | Paralysed by a hornet for 2 turns
  3030 | D:5      | HP: 7/35 [hornet (8)]
  3030 | D:5      | HP: 1/35 [hornet (6)]
  3031 | D:5      | 3031 ||| READING scroll of teleportation.
  3031 | D:5      | Succumbed to a hornet's poison

Levels and vault maps discovered:
D:1:      dpeg_arrival_morbid_curiosity, layout_basic
D:2:      layout_basic, serial_forest, infiniplex_forest_diagonal,
          infiniplex_forest_end_1, infiniplex_forest_clump_curved,
          infiniplex_forest_straight_4, infiniplex_forest_lined_corner,
          shapermc_ecumenical_altar_petra, serial_shops, shop_fountains
D:3:      layout_basic, grunt_ministairs_6
D:4:      layout_rooms
D:5:      layout_rooms, fedhas_ov_isle_minmay, mainiacjoe_overflow_brackets,
          serial_curves, eino_curves_01, eino_curves_03, uniq_grinder,
          uniq_menkaure

Skill      XL: |  1  2  3  4  5  6 |
---------------+-------------------+-----
Ranged Weapons | 6 7 8 9 10 | 10.5
Fighting       | 2 |  2.1
Dodging        | |  2.4
Stealth        | |  1.2

Action                     |  1- 3 |  4- 6 || total
---------------------------+-------+-------++-------
   Fire: Shortbow          |    82 |   156 ||   238
    Use: Scroll            |     4 |     8 ||    12
         Potion            |       |     1 ||     1
 Armour: Leather armour    |     3 |       ||     3
         Ring mail         |     3 |    33 ||    36
  Dodge: Dodged            |    12 |    43 ||    55

Table legend:
 A = Non-vault XP
 B = Vault XP
 C = Vault XP percentage of total XP
 D = Non-vault monster count
 E = Vault monster count
 F = Vault count percentage of total count
                 A         B        C        D         E       F
            +---------+---------+-------+---------+---------+-------
      Total |     332 |     332 |  50.0 |      70 |      11 |  13.6
            +---------+---------+-------+---------+---------+-------
        D:1 |      43 |       9 |  17.3 |      22 |       5 |  18.5
        D:2 |      36 |       0 |   0.0 |       6 |       0 |   0.0
        D:3 |      65 |      51 |  44.0 |      25 |       5 |  16.7
        D:4 |     188 |       0 |   0.0 |      17 |       0 |   0.0
        D:5 |       0 |     272 | 100.0 |       0 |       1 | 100.0
            +---------+---------+-------+---------+---------+-------
